Map: Ley Lines

Players

wootwoot - Winner!

  • Race: Protoss Protoss
  • League: Diamond
  • Spawn Location: 1:00

Obshort

  • Race: Zerg Zerg
  • League: Diamond
  • Spawn Location: 7:00

VOD

Have the link to the VOD?

Description

Time

  • Played on: April 22, 2025, 8:53 a.m.
  • Length: 4:19
Show
View Real Time Build Order
Export as new Build Order

wootwoot Protoss - Winner!

Build Orders:  

Get SALT Encoding   

  12  0:01  Probe  
  13  0:13  Probe  
  14  0:18  Pylon  
  14  0:25  Probe  
  15  0:34  Probe  
  15  0:41  Gateway  
  15  0:42  Probe  
  17  0:52  Probe  
  19  1:04  Probe  
  19  1:06  Gateway  
  19  1:10  Assimilator  
  19  1:12  Assimilator  
  19  1:16  Probe  
  20  1:28  Cybernetics Core  
  20  1:31  Pylon  
  20  1:33  Probe  
  21  1:45  Probe  
  22  1:55  Adept x2  
  22  1:56  Warp Gate  
  22  2:01  Probe  
  27  2:25  Adept x2  
  31  2:33  Gateway  
  31  2:39  Gateway  
  31  2:47  Pylon  
  31  2:52  Shield Battery  
  31  3:03  Pylon  
  29  3:34  Pylon  
  29  3:42  Shield Battery  
  29  3:44  Stalker x2  
  29  3:45  Stalker x2  
  37  4:09  Stalker x2  
  41  4:13  Stalker  
  41  4:17  Stalker  
Show
View Real Time Build Order
Export as new Build Order

Obshort Zerg 

Build Orders: Pool First 

Get SALT Encoding   

  12  0:02  Drone  
  13  0:13  Overlord  
  13  0:17  Drone  
  14  0:32  Drone x2  
  16  0:43  Spawning Pool  
  16  0:46  Drone  
  16  1:20  Hatchery  
  15  1:29  Zergling x6  
  18  1:41  Zergling x2  
  19  1:51  Zergling x2  
  20  2:02  Overlord  
  19  2:32  Zergling x2  
  19  2:33  Spine Crawler x2, Queen  
  18  2:37  Zergling x2  
  18  2:39  Zergling x2  
  18  2:42  Zergling x2  
  20  2:48  Zergling x2  
  20  2:49  Zergling x2  
  21  2:56  Zergling x2  
  22  3:05  Zergling x2  
  21  3:18  Zergling x4  
  21  3:19  Drone  
  24  3:20  Zergling x2  
  24  3:26  Queen  
  25  3:35  Spine Crawler  
  25  3:36  Zergling x2  
  25  3:41  Zergling x2  
  23  3:58  Zergling x2  
  23  4:00  Zergling x6  
Tags
 
Matchup
PvZ
Opening
Pool First
Replay Pack
#1B2M-Replays
Spawn Locations
Cross Positions
Add a new tag
Caveats
  • Supply blocks, unpowered buildings, or Contaminate may cause inaccurate times.
  • Supply counts are checked every 10 seconds.